AoeStats
← Port Moresby

Fortress

510267271Analyzed
4v4 RM · 1d ago on Sep 30, 2026· 36m 57s· 8 players
Game mode
Random Map
Map size
Huge
Population
200
Speed
Normal
Resources
Standard
Victory
Conquest
Starting age
Dark Age
Ending age
Imperial Age
RankedLock teamsTeams togetherTeam positionsShared explorationLock speedFull tech treeHidden civsTurbo modeCheats
Victory
Defeat
🇹🇼 Hindustanis · Taiwan
1260
+11
🇨🇱 Magyars · Chile
1114
+17
🇨🇳 Danes · China
1094
+18
🇹🇼 Vietnamese · Taiwan
833
+27
🇳🇨 Danes · New Caledonia
1222
-21
🇯🇵 Britons · Japan
1157
-20
🇳🇨 Wei · New Caledonia
1118
-18
🇬🇧 Ethiopians · United Kingdom
1025
-14
我的哈哈哈
9:04 Feudal Age
9:55 Loom
10:01 Horse Collar
12:54 Castle Age
11:53 Forging
12:10 Double-Bit Axe
20:24 Arson
21:02 Town Watch
21:56 Wheelbarrow
22:47 Heavy Plow
23:01 Hamask
23:46 Scale Mail Armor
25:54 Gold Mining
26:47 Bow Saw
29:42 Imperial Age
28:09 Gold Shaft Mining
27:52 Chain Mail Armor
28:06 Squires
28:18 Stone Mining
30:24 Iron Casting
31:03 Town Patrol
31:19 Hand Cart
30:53 Elite Jomsviking
32:15 Conscription
33:32 Gambesons
33:15 Capped Ram
36:02 Plate Mail Armor
36:32 Blast Furnace
35:21 Heavy Scorpion
35:25 Onager
37:00 Siege Engineers
36:21 Elite Varangian Guard
Junioronga
8:02 Feudal Age
11:33 Castle Age
9:22 Double-Bit Axe
9:27 Horse Collar
12:36 Bow Saw
18:00 Wheelbarrow
17:11 Loom
18:55 Fervor
20:04 Heavy Plow
20:41 Town Watch
24:40 Imperial Age
23:27 Hand Cart
23:37 Corvinian Army
23:43 Gold Mining
23:44 Stone Mining
24:00 Scale Barding Armor
25:43 Gold Shaft Mining
24:48 Elite Magyar Huszar
26:12 Parthian Tactics
26:22 Parthian Tactics
27:21 Heavy Cavalry Archer
28:07 Thumb Ring
27:53 Fletching
28:25 Conscription
28:38 Chain Barding Armor
28:19 Padded Archer Armor
28:42 Ballistics
28:49 Ballistics
29:00 Husbandry
29:11 Bloodlines
30:40 Chemistry
30:10 Bodkin Arrow
30:31 Leather Archer Armor
30:52 Plate Barding Armor
30:20 Recurve Bow
33:09 Bracer
33:47 Ring Archer Armor
33:55 Ring Archer Armor
happyeric8877
8:23 Feudal Age
9:32 Double-Bit Axe
12:07 Castle Age
10:54 Horse Collar
13:25 Bow Saw
17:09 Wheelbarrow
18:39 Loom
19:17 Husbandry
19:24 Heavy Plow
21:13 Gold Mining
24:05 Imperial Age
22:29 Scale Barding Armor
22:34 Forging
24:12 Chain Barding Armor
25:43 Iron Casting
25:31 Bloodlines
26:26 Two-Man Saw
25:13 Heavy Camel Rider
26:35 Plate Barding Armor
27:26 Blast Furnace
27:41 Conscription
27:06 Imperial Camel Rider
28:29 Gold Shaft Mining
28:35 Hand Cart
28:41 Hand Cart
30:51 Chemistry
32:03 Siege Engineers
Yanai
4:10 Loom
9:05 Feudal Age
12:56 Castle Age
11:44 Double-Bit Axe
19:36 Gold Mining
20:00 Bow Saw
23:55 Imperial Age
22:24 Elite Skirmisher
26:11 Two-Man Saw
25:25 Fletching
26:29 Imperial Skirmisher
27:25 Bodkin Arrow
27:31 Padded Archer Armor
28:44 Thumb Ring
28:41 Bracer
31:44 Leather Archer Armor
32:58 Ring Archer Armor
33:10 Ballistics
36:50 Chemistry
36:53 Crossbowman
Boy oh boy
6:50 Feudal Age
10:22 Castle Age
8:45 Double-Bit Axe
11:29 Bow Saw
11:56 Horse Collar
16:13 Heavy Plow
18:47 Scale Mail Armor
18:14 Man-at-Arms
19:49 Chain Mail Armor
19:24 Long Swordsman
23:02 Wheelbarrow
22:31 Loom
23:02 Gold Mining
23:04 Stone Mining
24:28 Hand Cart
23:58 Town Watch
25:08 Squires
24:54 Arson
25:47 Gambesons
26:25 Forging
29:00 Imperial Age
27:53 Stone Shaft Mining
27:55 Gold Shaft Mining
28:47 Iron Casting
30:32 Plate Mail Armor
31:02 Blast Furnace
29:25 Elite Varangian Guard
29:28 Two-Handed Swordsman
29:51 Onager
30:21 Champion
31:43 Hamask
34:11 Fletching
34:51 Siege Engineers
35:08 Ballistics
MoonRiver
1:30 Loom
8:02 Feudal Age
12:24 Wheelbarrow
13:49 Castle Age
12:30 Wheelbarrow
17:37 Double-Bit Axe
17:34 Horse Collar
17:47 Gold Mining
25:54 Bow Saw
25:48 Heavy Plow
26:26 Gold Shaft Mining
25:43 Stone Mining
26:18 Forging
26:08 Scale Mail Armor
29:26 Imperial Age
27:15 Fortified Wall
29:43 Heavy Scorpion
30:25 Torsion Engines
31:31 Chemistry
30:53 Ballistics
33:49 Halberdier
34:30 Squires
34:16 Arson
36:00 Iron Casting
35:40 Chain Mail Armor
35:49 Hand Cart
36:41 Two-Man Saw
Chill Trip
4:40 Loom
7:33 Feudal Age
8:07 Double-Bit Axe
8:11 Horse Collar
14:32 Castle Age
13:58 Bloodlines
14:38 Scale Barding Armor
15:25 Bow Saw
15:29 Heavy Plow
27:55 Chain Barding Armor
31:24 Imperial Age
31:38 Forging
33:06 Iron Casting
33:00 Ming Guang Armor
33:24 Crop Rotation
33:46 Elite Tiger Cavalry
Port Moresby
8:05 Feudal Age
9:50 Wheelbarrow
9:41 Double-Bit Axe
9:40 Horse Collar
12:14 Castle Age
10:45 Gold Mining
12:08 Stone Mining
14:06 Bow Saw
14:46 Hand Cart
15:33 Loom
19:09 Town Watch
21:20 Treadmill Crane
21:32 Heated Shot
22:02 Ballistics
24:58 Imperial Age
22:52 Fletching
23:23 Padded Archer Armor
24:55 Yeomen
24:34 Bodkin Arrow
25:22 Leather Archer Armor
25:57 Bracer
28:47 Gold Shaft Mining
28:35 Murder Holes
29:09 Elite Longbowman
30:21 Ring Archer Armor
30:16 Heavy Plow
31:30 Chemistry
31:00 Conscription
33:29 Masonry
34:09 Crossbowman
34:56 Arbalester
Connection lost

Rejoining the realm…

Still unreachable

The connection could not be restored.

Session expired

The server has moved on; the page needs a fresh start.